 Dungeon Crawl Stone Soup version 0.30-b1-2-g02819fbbbe (webtiles) character file.

Game seed: 10755108225934029527

203447 sanka the Executioner (level 19, -46/214 HPs)
             Began as a Djinni Berserker on May 9, 2023.
             Was the Champion of Trog.
             Killed from afar by a shard shrike (56 damage)
             ... with a shard of ice
             ... in an ice cave on May 10, 2023.
             The game lasted 01:22:15 (40046 turns).

sanka the Executioner (Djinni Berserker)           Turns: 40046, Time: 01:22:15

Health: -46/214    AC: 44    Str: 22      XL:     19   Next: 32%
Gold:   1735       EV: 11    Int: 10 (12) God:    Trog [******] SH:  0 Dex: 15

rFire   + + .        a - +5 executioner's axe of Fate {speed, rElec Stlth+}
rCold   . . .        (shield currently unavailable)
rNeg    . . .        M - +10 crystal plate armour
rPois   ∞            I - +2 helmet {Int+3}
rElec   +            J - +2 cloak "Qiucvo Zaupo" {Rampage rElec Will+}
rCorr   .            x - +2 pair of gloves {Stlth+}
SInv    .            (boots unavailable)
Will    ++...        V - amulet of the acrobat Stlth
                     O - ring of protection from cold
HPRegen 0.55/turn    F - +5 ring of evasion
MPRegen 0.00/turn

%: acrobat, rampage, infuse magic (-47 HP)
@: berserking, flying, very quick
A: sickness immunity, fire resistance 2, cold vulnerability 1, float, innate
caster, HP casting, extra vitality 1
}: 1/15 runes: serpentine
a: Renounce Religion, Berserk, Trog's Hand, Brothers in Arms


You were in an ice cave.
You worshipped Trog.
Trog was exalted by your worship.
You visited 5 branches of the dungeon, and saw 29 of its levels.
You also visited: Bailey, Gauntlet, Ice Cave and Volcano.

You collected 3848 gold pieces.
You spent 2113 gold pieces at shops.

Inventory:

Hand Weapons
 a - the +5 executioner's axe of Fate (weapon) {speed, rElec Stlth+}
   (You acquired it on level 3 of the Lair of Beasts)

   rElec:     It insulates you from electricity.
   Stlth:     It makes you more stealthy.
 b - a +3 executioner's axe of flaming
Missiles
 v - 2 throwing nets {=f}
 P - 6 curare-tipped darts {=f}
Armour
 x - a +2 pair of gloves of stealth (worn)
 I - a +2 helmet of intelligence (worn)
 J - the +2 cloak "Qiucvo Zaupo" (worn) {Rampage rElec Will+}
   (You acquired it on level 14 of the Dungeon)

   rElec:     It insulates you from electricity.
   Rampage:   It bestows one free step when moving towards enemies.
   Will:      It increases your willpower.
 M - a +10 crystal plate armour (worn)
Jewellery
 m - the ring "Oxafaut" {Ice rElec rN+ Will-}
   (You found it in a Gauntlet)

   [ring of ice]

   It enhances your ice magic.
   rF:        It makes you vulnerable to fire.
   rC:        It protects you from cold.
   rElec:     It insulates you from electricity.
   rN:        It protects you from negative energy.
   Will:      It decreases your willpower.
 o - a ring of protection from fire
 D - a ring of see invisible
 F - a +5 ring of evasion (right hand)
 K - a ring of resist corrosion
 O - a ring of protection from cold (left hand)
 V - an amulet of the acrobat (around neck)
 W - an amulet of regeneration
Wands
 t - a wand of iceblast (7)
 y - a wand of paralysis (21)
 A - a wand of acid (6)
 N - a wand of flame (50)
 Q - a wand of digging (8)
 S - a wand of polymorph (3)
 U - a wand of mindburst (19)
Scrolls
 d - 9 scrolls of identify {@r1}
 h - 4 scrolls of magic mapping
 i - 3 scrolls of poison
 j - 7 scrolls of immolation {!r}
 k - a scroll of silence {!r}
 r - 5 scrolls of blinking
 s - 11 scrolls of teleportation {@r4}
 C - 6 scrolls of fear
 L - a scroll of fog
 R - 7 scrolls of noise {!r}
Potions
 c - 15 potions of curing {@q1}
 e - 7 potions of attraction {!q}
 f - 6 potions of resistance
 g - 4 potions of ambrosia
 l - 11 potions of might
 n - 13 potions of heal wounds {@q2}
 q - 9 potions of mutation {!q}
 u - 4 potions of berserk rage {!q}
 z - 5 potions of haste {@q3}
 H - 6 potions of cancellation


   Skills:
 - Level 15.0 Fighting
 * Level 21.4 Axes
 - Level 15.0 Armour
 - Level 2.1 Dodging
 - Level 5.0 Evocations


You knew the following spells:

 Your Spells              Type           Power      Damage    Failure   Level
a - Necrotise             Necr           0%         1d4       100%        1
b - Poisonous Vapours     Pois/Air       0%         N/A       100%        2
c - Summon Guardian Gole  Hex/Summ       0%         N/A       100%        3
d - Confusing Touch       Hex            0%         N/A       100%        3
e - Animate Armour        Summ/Erth      0%         N/A       100%        4
f - Freezing Cloud        Conj/Ice/Air   0%         6-21      100%        5
g - Summon Cactus Giant   Summ           0%         N/A       100%        6
h - Orb of Destruction    Conj           0%         9d5       100%        7
i - Death Channel         Necr           0%         N/A       100%        6
Your spell library was empty.


Dungeon Overview and Level Annotations

Branches:
Dungeon (15/15)            Temple (0/1) D:7            Lair (5/5) D:11
 Shoals (3/4) Lair:3        Snake (4/4) Lair:2        Slime (0/5) Lair:5
    Orc (2/2) D:10            Elf (0/3) Orc:2        Vaults (0/5) D:14
 Depths (0/4) D:15         Bailey (visited)           IceCv (1/1)
Volcano (visited)         Gauntlet (visited)

Altars:
Ashenzari
Cheibriados
Dithmenos
Elyvilon
Nemelex Xobeh
Okawaru
Ru
Uskayaw
Xom
Zin
The Shining One
Jiyva

Shops:
D:7 [   D:11 [*   D:13 **!*(   Orc:1 *!   Orc:2 (*:[   Shoals:1 *   Shoals:2 *
Snake:3 (:((=

Portals:
Abyss: Snake:2

Annotations:
D:13 3 runed translucent doors, sanka's ghost, adept FoIE
Lair:4 3 runed translucent doors, morax's ghost, journeyman HOFi
Snake:2 2 transporters, vinnietd's ghost, adept HaFi


Innate Abilities, Weirdness & Mutations

You are immune to sickness and miasma.
You are immune to poison.
Your flesh is very heat resistant. (rF++)
You are vulnerable to cold. (rC-)
You float through the air rather than walking.
You learn spells naturally, not from books.
Your magical power is your life essence.
You have superior vitality. (+4 MHP)


Message History

Unknown command.
You miss the shard shrike.
The shard shrike is moderately wounded.
The shard shrike claws you but does no damage.
You miss the shard shrike.
The shard shrike is lightly wounded.
The shard shrike claws you but does no damage.
You slice the white ugly thing!!
The white ugly thing is heavily wounded.
You slash the shard shrike!
The shard shrike claws you but does no damage.
You slice the white ugly thing!!
You kill the white ugly thing!
Trog accepts your kill.
You barely miss the shard shrike. The shard shrike claws you!
* * * LOW HITPOINT WARNING * * *
The shard shrike freezes you!!!
* * * LOW HITPOINT WARNING * * *
You barely miss the shard shrike.
The shard shrike is moderately wounded.
The shard shrike closely misses you.
Unknown command.
You slice the shard shrike!!
The shard shrike is heavily wounded.
The shard shrike claws you but does no damage.
Unknown command.
You barely miss the rime drake. You closely miss the shard shrike.
The shard shrike closely misses you.
Unknown command.
You closely miss the rime drake. You barely miss the shard shrike.
The shard shrike barely misses you.
The rime drake bites you but does no damage.
The shard shrike claws you but does no damage.
You barely miss the rime drake. You slice the shard shrike!!
The shard shrike claws you but does no damage.
You hit the rime drake but do no damage.
You closely miss the shard shrike.
The shard shrike spits a shard of ice at you.
The shard of ice hits you!!!
You die... .... .u.. ## p.k.. †### #pkb.. †..### #.kup

##...# ##k.. #..## ##..#
###.#########.k##
#####..##≈≈≈###b@###
.##...##≈≈≈≈≈≈##...### ###
.###..#≈≈≈≈≈≈≈≈###...#####.###
##..###≈≈≈≈≈≈≈≈≈#.#.#..##.#..###
###..##≈≈≈≈≈≈≈####.####..####..#
###..##≈≈≈≈≈≈≈##..####### #..###
#...####~~≈≈≈≈≈###....### ##...#
#..####††[######....#...###[....
#..#.##~†##†.##.....####..###...#


You could see a shard shrike (catching breath) and a rime drake.

Vanquished Creatures
  Saint Roka (Orc:2)
  Vashnia (Snake:4)
  Nikola (Snake:1)
  Rupert (Snake:1)
  Gastronok (Lair:3)
  5 nagarajas
  A balrug (Orc:1)
  2 orc warlords (Orc:1)
  A minotaur (Gauntlet)
  A white draconian (IceCv)
  Josephine (Snake:1)
  A fire dragon (D:15)
  A hell beast (Gauntlet)
  3 vault guards (D:14)
  A salamander tyrant (Snake:3)
  Erolcha (D:12)
  5 hydras
  2 catoblepae
  A merfolk avatar (Lair:5)
  5 ironbound frosthearts (IceCv)
  9 centaur warriors
  10 anacondas
  2 boulder beetles (D:15)
  12 naga warriors
  A satyr (Shoals:2)
  6 death yaks (D:11)
  An ogre mage (D:15)
  6 two-headed ogres
  2 tengu warriors
  A hell hog (Volcano)
  4 shock serpents
  4 orc high priests (Orc:2)
  11 naga sharpshooters
  Amaemon (D:9)
  A fire crab (Volcano)
  3 salamander mystics
  4 skysharks
  6 sea snakes
  A lindwurm (Lair:4)
  An orange crystal statue (IceCv)
  4 naga ritualists
  6 wizards
  23 harpies
  An orc knight (Orc:2)
  4 deep elf pyromancers
  25 ugly things
  A necromancer (D:15)
  3 cyclopes
  5 orc sorcerers
  6 mana vipers
  17 manticores
  14 fauns
  5 guardian serpents (Snake:4)
  18 black mambas
  6 elephants (Lair:5)
  11 salamanders
  Maurice (D:8)
  2 merfolk sirens (Shoals:2)
  2 gargoyles
  12 cane toads
  A centaur zombie (D:15)
  3 water nymphs
  A torpor snail (Lair:5)
  An orange demon (D:9)
  11 naga magi
  2 molten gargoyles (Volcano)
  24 rime drakes
  2 kobold demonologists (Bailey)
  2 efreet
  2 centaur skeletons (D:15)
  6 komodo dragons
  A freezing wraith (D:14)
  6 trolls
  24 polar bears
  A wind drake (Shoals:2)
  A tarantella (shapeshifter) (D:14)
  4 hornets
  3 merfolk
  10 blink frogs
  8 snapping turtles
  5 dream sheep
  12 slime creatures
  26 yaks
  10 fire bats (Volcano)
  8 wraiths
  A water elemental (D:15)
  2 wyverns
  2 shadows
  2 basilisks
  18 humans (D:14)
  3 steam dragons
  13 vampire mosquitoes
  Grum (D:10)
  7 wargs
  38 nagas
  4 acid dragons
  4 hell hounds
  Duvessa (D:6)
  15 water moccasins
  2 black bears
  3 sky beasts
  51 orc warriors
  11 ogres
  16 wolves
  4 centaurs
  A kobold brigand (D:8)
  A gnoll sergeant (D:7)
  10 bullfrogs
  3 scorpions
  11 wights
  Dowan (D:6)
  9 killer bees
  14 electric eels
  10 howler monkeys
  7 lava snakes (Volcano)
  A hound (D:4)
  2 jellies (Gauntlet)
  13 orc priests
  2 iron imps (Gauntlet)
  2 sleepcaps
  4 iguanas
  Ijyb (D:5)
  6 hell rats (Lair:4)
  27 orc wizards
  A boggart skeleton (D:15)
  17 gnolls
  4 adders
  A shadow imp (D:6)
  A white imp (D:7)
  A worm (D:4)
  2 dart slugs
  90 orcs
  4 ball pythons
  8 bats
  9 endoplasms
  4 giant cockroaches
  18 goblins
  7 hobgoblins
  5 jackals
  11 kobolds
  2 quokkas
  5 frilled lizards
  10 rats
985 creatures vanquished.

Vanquished Creatures (collateral kills)
  An ogre (Orc:2)
1 creature vanquished.

Vanquished Creatures (others)
  A water moccasin (Lair:2)
  18 demonic plants (Gauntlet)
  40 fungi
  114 plants
  14 withered plants (Gauntlet)
187 creatures vanquished.

Grand Total: 1173 creatures vanquished

Notes
Turn   | Place    | Note
-------+----------+-------------------------------------------
     0 | D:1      | sanka the Djinni Berserker began the quest for the Orb.
     0 | D:1      | Reached XP level 1. HP: 20/20 MP: 0/0
   159 | D:1      | Reached XP level 2. HP: 14/25 MP: 0/0
   163 | D:1      | Reached skill level 3 in Axes
   565 | D:1      | Reached XP level 3. HP: 19/30 MP: 0/0
   565 | D:1      | Learned a level 1 spell: Necrotise
  1208 | D:2      | Reached ** piety under Trog
  1276 | D:2      | Found a sparkling altar of Nemelex Xobeh.
  1393 | D:2      | Reached XP level 4. HP: 10/35 MP: 0/0
  1611 | D:2      | Reached skill level 4 in Axes
  1924 | D:3      | Found a faded altar of an unknown god.
  2061 | D:3      | You are sucked into a shaft and drop 3 floors!
  2078 | D:6      | Noticed a scorpion
  2095 | D:6      | Killed a scorpion
  2096 | D:6      | Reached XP level 5. HP: 30/40 MP: 0/0
  2096 | D:6      | Learned a level 2 spell: Poisonous Vapours
  2281 | D:6      | Noticed Dowan
  2342 | D:5      | Entered Level 5 of the Dungeon
  2342 | D:5      | Noticed Ijyb
  2365 | D:5      | Killed Ijyb
  2366 | D:5      | Reached skill level 5 in Axes
  2371 | D:5      | Reached XP level 6. HP: 6/46 MP: 0/0
  2878 | D:4      | Reached *** piety under Trog
  3147 | D:3      | Found a hide-covered altar of Uskayaw.
  3530 | D:3      | Reached skill level 6 in Axes
  3852 | D:4      | Reached XP level 7. HP: 50/50 MP: 0/0
  3852 | D:4      | Learned a level 3 spell: Summon Guardian Golem
  4339 | D:4      | Noticed an angel
  4340 | D:4      | Found a glowing silver altar of Zin.
  4716 | D:4      | Found a shadowy altar of Dithmenos.
  4938 | D:5      | Noticed a water moccasin
  4948 | D:5      | Killed a water moccasin
  4949 | D:5      | Reached skill level 7 in Axes
  5082 | D:5      | Reached XP level 8. HP: 21/56 MP: 0/0
  5541 | D:6      | Reached skill level 8 in Axes
  5962 | D:6      | Reached XP level 9. HP: 54/60 MP: 0/0
  5962 | D:6      | Learned a level 3 spell: Confusing Touch
  6114 | D:6      | Noticed Duvessa
  6121 | D:6      | Killed Duvessa
  6124 | D:6      | Killed Dowan
  6490 | D:7      | Reached skill level 5 in Evocations
  6490 | D:7      | Reached skill level 9 in Axes
  6750 | D:7      | Found a staircase to the Ecumenical Temple.
  6947 | D:7      | Reached **** piety under Trog
  7222 | D:7      | Found Vuitezull's Armour Shop.
  7340 | D:7      | Found a broken altar of Ashenzari.
  7340 | D:7      | Found a glowing golden altar of the Shining One.
  7341 | D:7      | Found a snail-covered altar of Cheibriados.
  7387 | D:7      | Reached XP level 10. HP: 59/69 MP: 0/0
  7392 | D:7      | Reached skill level 10 in Axes
  7558 | D:7      | Bought a +2 helmet of intelligence for 344 gold pieces
  7587 | D:8      | Reached skill level 5 in Fighting
  7698 | D:8      | Noticed Maurice
  7710 | D:8      | Paralysed by something for 4 turns
  7828 | D:8      | Killed Maurice
  7960 | D:8      | Noticed a two-headed ogre
  7973 | D:8      | Killed a two-headed ogre
  8133 | D:8      | Reached skill level 11 in Axes
  8918 | D:9      | Identified the +6 long sword of Equilibrium {heavy, rF-
                  | rCorr Int+3}
  9188 | D:9      | Noticed Amaemon
  9264 | D:9      | Noticed an orange demon
  9287 | D:9      | Killed Amaemon
  9288 | D:9      | Reached XP level 11. HP: 79/79 MP: 0/0
  9288 | D:9      | Learned a level 4 spell: Animate Armour
  9922 | D:9      | Noticed a two-headed ogre
  9923 | D:9      | Reached skill level 12 in Axes
  9927 | D:9      | Killed a two-headed ogre
 10846 | D:10     | Entered Level 10 of the Dungeon
 10846 | D:10     | Noticed Grum
 10855 | D:10     | Killed Grum
 11029 | D:10     | Found a flagged portal.
 11045 | Bailey   | Entered a bailey
 11805 | Bailey   | Reached ***** piety under Trog
 12087 | Bailey   | Found an iron altar of Okawaru.
 12091 | Bailey   | Noticed a sun demon
 12236 | Bailey   | Reached skill level 13 in Axes
 12413 | Bailey   | Acquired a +2 crystal plate armour
 12552 | D:10     | Reached XP level 12. HP: 50/88 MP: 0/0
 12957 | D:10     | Found a staircase to the Orcish Mines.
 13092 | D:10     | Reached skill level 5 in Armour
 13465 | D:11     | Found Mialow's Merry Market.
 13649 | D:11     | Noticed a two-headed ogre
 13656 | D:11     | Killed a two-headed ogre
 13966 | D:11     | Identified the +3 rapier "Kawnus" {holy, rElec Str+2}
 14024 | D:11     | Noticed a death yak
 14024 | D:11     | Noticed a death yak
 14024 | D:11     | Noticed a death yak
 14062 | D:11     | Noticed a death yak
 14065 | D:11     | Noticed a death yak
 14066 | D:11     | Noticed a death yak
 14073 | D:11     | Killed a death yak
 14074 | D:11     | Killed a death yak
 14081 | D:11     | Found Zejuukh's Antique Armour Shoppe.
 14512 | D:11     | Found a staircase to the Lair.
 14584 | D:11     | Noticed a centaur warrior
 14597 | D:11     | Killed a centaur warrior
 14774 | D:11     | Killed a death yak
 14777 | D:12     | Noticed Erolcha
 14790 | D:11     | Killed a death yak
 14796 | D:11     | Killed a death yak
 14800 | D:11     | Killed a death yak
 15045 | Lair:1   | Entered Level 1 of the Lair of Beasts
 15104 | Lair:1   | Reached XP level 13. HP: 94/94 MP: 0/0
 15104 | Lair:1   | Learned a level 5 spell: Freezing Cloud
 15173 | Lair:1   | Identified the +0 robe of the Great Game {Int+3}
 15240 | Lair:1   | Found a gate leading to a gauntlet.
 15249 | Gauntlet | Entered a Gauntlet
 15249 | Gauntlet | Found a transporter.
 15275 | Gauntlet | Found the +4 moon troll leather armour {Spirit, Regen++
                  | MP+5}
 15276 | Gauntlet | Found a transporter.
 15291 | Gauntlet | Found a transporter.
 15296 | Gauntlet | Found a transporter.
 15319 | Gauntlet | Found a transporter.
 15332 | Gauntlet | Found a transporter.
 15344 | Gauntlet | Found a transporter.
 15346 | Gauntlet | Noticed a hell beast
 15350 | Gauntlet | Found a transporter.
 15363 | Gauntlet | Noticed a great orb of eyes
 15365 | Gauntlet | Found a transporter.
 15377 | Gauntlet | Found a transporter.
 15389 | Gauntlet | Found a transporter.
 15406 | Gauntlet | Found a transporter.
 15424 | Gauntlet | Found a transporter.
 15426 | Gauntlet | Found a transporter.
 15428 | Gauntlet | Found a runed translucent gate.
 15428 | Gauntlet | Found a runed translucent gate.
 15428 | Gauntlet | Found a runed translucent gate.
 15431 | Gauntlet | Found a large runed translucent door.
 15431 | Gauntlet | Found a large runed translucent door.
 15431 | Gauntlet | Found a large runed translucent door.
 15431 | Gauntlet | Found a large runed translucent door.
 15434 | Gauntlet | Found a large runed translucent door.
 15434 | Gauntlet | Found a large runed translucent door.
 15435 | Gauntlet | Found a large runed translucent door.
 15435 | Gauntlet | Found a large runed translucent door.
 15438 | Gauntlet | Found a large runed translucent door.
 15438 | Gauntlet | Found a large runed translucent door.
 15438 | Gauntlet | Found a runed translucent door.
 15438 | Gauntlet | Found a runed translucent door.
 15439 | Gauntlet | Found a large runed translucent door.
 15440 | Gauntlet | Found a large runed translucent door.
 15449 | Gauntlet | Found a large runed translucent door.
 15449 | Gauntlet | Found a large runed translucent door.
 15450 | Gauntlet | Found a large runed translucent door.
 15451 | Gauntlet | Found a large runed translucent door.
 15451 | Gauntlet | Found a transporter.
 15453 | Gauntlet | Found a transporter.
 15473 | Gauntlet | Found a transporter.
 15563 | Gauntlet | Found a transporter.
 15730 | Gauntlet | Identified the +1 helmet of the Turtle {Harm rF+ Int+3
                  | Dex-2}
 16104 | Gauntlet | Killed a hell beast
 16105 | Gauntlet | Reached skill level 10 in Fighting
 16242 | Gauntlet | Identified the ring "Oxafaut" {Ice rElec rN+ Will-}
 16264 | Gauntlet | Noticed a minotaur
 16277 | Gauntlet | Killed a minotaur
 16399 | Gauntlet | Identified the +1 ring mail of the Orcish Mines {Str+2}
 16508 | Lair:1   | Identified the +7 rapier "Hixzuoc" {heavy, rF+ Str+4 Dex+6}
 17164 | Lair:2   | Noticed a catoblepas
 17179 | Lair:2   | Killed a catoblepas
 17299 | Lair:2   | Reached skill level 10 in Armour
 17450 | Lair:2   | Received a gift from Trog
 17461 | Lair:2   | Found a staircase to the Snake Pit.
 18188 | Lair:3   | Acquired the +5 executioner's axe of Fate {speed, rElec
                  | Stlth+}
 18245 | Lair:3   | Reached skill level 14 in Axes
 18541 | Lair:3   | Found a staircase to the Shoals.
 18541 | Lair:3   | Noticed Gastronok
 18566 | Lair:3   | Killed Gastronok
 19359 | Lair:4   | Found a dark tunnel.
 19461 | Volcano  | Entered a volcano
 19519 | Volcano  | Reached XP level 14. HP: 90/105 MP: 0/0
 19682 | Volcano  | Found a bloodstained altar of Trog.
 19957 | Lair:4   | Found a runed translucent gate.
 19959 | Lair:4   | Found a runed translucent gate.
 19959 | Lair:4   | Found a runed translucent gate.
 19994 | Lair:4   | Noticed morax's ghost (journeyman HOFi)
 20608 | Lair:5   | Entered Level 5 of the Lair of Beasts
 21287 | Lair:5   | Reached skill level 15 in Axes
 21911 | Lair:5   | Received a gift from Trog
 21962 | Lair:5   | Found the +12 pair of quick blades "Gyre" and "Gimble"
                  | {protect}
 22373 | Lair:5   | Reached XP level 15. HP: 105/113 MP: 0/0
 22373 | Lair:5   | Learned a level 6 spell: Summon Cactus Giant
 22483 | Lair:5   | Found a viscous altar of Jiyva.
 22484 | Lair:5   | Found a staircase to the Slime Pits.
 22991 | Lair:5   | Found a viscous altar of Jiyva.
 22991 | Lair:5   | Found a staircase to the Slime Pits.
 23495 | Orc:1    | Entered Level 1 of the Orcish Mines
 23651 | Orc:1    | Found a shimmering altar of Xom.
 23654 | Orc:1    | Found Faaduxt's Distillery.
 23829 | Orc:1    | Found a runed translucent door.
 23832 | Orc:1    | Noticed a balrug
 23930 | Orc:1    | Killed a balrug
 23992 | Orc:2    | Entered Level 2 of the Orcish Mines
 24013 | Orc:2    | Noticed an orc warlord
 24209 | Orc:1    | Killed an orc warlord
 24418 | Orc:2    | Paralysed by an orc sorcerer for 3 turns
 24454 | Orc:2    | Found Ovaos's Book Shoppe.
 24540 | Orc:2    | Noticed an orc warlord
 24542 | Orc:2    | Noticed Saint Roka
 24938 | Orc:1    | Killed an orc warlord
 25781 | Orc:2    | Killed Saint Roka
 25782 | Orc:2    | Reached skill level 16 in Axes
 26087 | Orc:2    | Received a gift from Trog
 26520 | Orc:2    | Found Vyevuypp's General Store.
 26549 | Orc:2    | Found Tiockec's Antique Weapon Emporium.
 26590 | Orc:2    | Found Xohurh Cunaq's Antique Armour Boutique.
 26604 | Orc:2    | Found a staircase to the Elven Halls.
 26776 | Orc:2    | Bought a pair of runed gloves for 157 gold pieces
 26776 | Orc:2    | Bought a pair of runed gloves for 157 gold pieces
 26850 | Orc:1    | Found Gawool's Assorted Antiques.
 27044 | Orc:1    | Bought a potion of flight for 45 gold pieces
 27044 | Orc:1    | Bought a potion of berserk rage for 75 gold pieces
 27044 | Orc:1    | Bought a potion of degeneration for 15 gold pieces
 27044 | Orc:1    | Bought a potion of lignification for 45 gold pieces
 27044 | Orc:1    | Bought a potion of magic for 120 gold pieces
 27121 | D:11     | Bought a potion of might for 52 gold pieces
 27216 | Orc:1    | Bought a scroll of identify for 70 gold pieces
 27216 | Orc:1    | Bought a potion of might for 140 gold pieces
 27216 | Orc:1    | Bought a scroll labelled HAFUS NIESO for 35 gold pieces
 27274 | Orc:2    | Bought a scroll of identify for 28 gold pieces
 27394 | D:12     | Killed Erolcha
 28064 | D:12     | Identified the +12 long sword "Pufoow Zamatt" {antimagic,
                  | Str+4}
 28323 | D:13     | Found Gueg's Distillery.
 28326 | D:13     | Found Foawoa's Weapon Shoppe.
 28331 | D:13     | Bought a potion of haste for 130 gold pieces
 28331 | D:13     | Bought a potion of heal wounds for 65 gold pieces
 28331 | D:13     | Bought 2 potions of resistance for 260 gold pieces
 28356 | D:13     | Found a runed translucent gate.
 28356 | D:13     | Found a runed translucent gate.
 28356 | D:13     | Found a runed translucent gate.
 28356 | D:13     | Noticed sanka's ghost (adept FoIE)
 28574 | D:13     | Found Jaklenegiu's Assorted Antiques.
 28716 | D:13     | Found Cazxalod's Assorted Antiques.
 28782 | D:13     | Found Higunorr's Assorted Antiques.
 28943 | D:14     | Found a sacrificial altar of Ru.
 29048 | D:14     | Received a gift from Trog
 29217 | D:14     | Found an iron altar of Okawaru.
 29360 | D:14     | Reached XP level 16. HP: 119/121 MP: 0/0
 29449 | D:14     | Found a gate to the Vaults.
 29527 | D:14     | Acquired the +2 cloak "Qiucvo Zaupo" {Rampage rElec Will+}
 30139 | D:15     | Entered Level 15 of the Dungeon
 30166 | D:15     | Reached skill level 17 in Axes
 30652 | D:15     | Received a gift from Trog
 31314 | D:15     | Found a staircase to the Depths.
 31497 | Snake:1  | Entered Level 1 of the Snake Pit
 31682 | Snake:1  | Noticed Josephine
 31696 | Snake:1  | Reached XP level 17. HP: 127/130 MP: 0/0
 31696 | Snake:1  | Learned a level 7 spell: Orb of Destruction
 31700 | Snake:1  | Killed Josephine
 31857 | Snake:1  | Found a white marble altar of Elyvilon.
 31947 | Snake:1  | Noticed Nikola
 31962 | Snake:1  | Killed Nikola
 32532 | Snake:1  | Noticed Rupert
 32555 | Snake:1  | Killed Rupert
 32917 | Snake:2  | Reached skill level 18 in Axes
 33062 | Snake:2  | Received a gift from Trog
 33210 | Snake:2  | Found a transporter.
 33217 | Snake:2  | Found a one-way gate to the infinite horrors of the Abyss.
 33217 | Snake:2  | Noticed vinnietd's ghost (adept HaFi)
 33372 | Snake:2  | Found a transporter.
 33379 | Snake:2  | Noticed a hellephant
 33629 | Snake:2  | Noticed a tentacled starspawn
 34029 | Snake:3  | Found Paurchacu's Book Boutique.
 34070 | Snake:3  | Reached skill level 15 in Fighting
 34621 | Snake:3  | Found Elegg's Antique Weapon Boutique.
 34724 | Snake:3  | Found Qeocriuz's Antique Weapon Boutique.
 34815 | Snake:3  | Found Ruuhuod's Antique Weapon Emporium.
 34951 | Snake:3  | Found Lanas's Jewellery Shoppe.
 35066 | Snake:3  | Bought a fine executioner's axe for 375 gold pieces
 35066 | Snake:3  | Identified the +10 executioner's axe "Earthworm" {freeze,
                  | Dex+3} (You bought it in a shop on level 3 of the Snake
                  | Pit)
 35098 | Snake:4  | Entered Level 4 of the Snake Pit
 35224 | Snake:4  | Reached skill level 15 in Armour
 35460 | Snake:4  | Reached ****** piety under Trog
 35460 | Snake:4  | Received a gift from Trog
 35925 | Snake:4  | Reached skill level 19 in Axes
 36090 | Snake:4  | Reached XP level 18. HP: 103/138 MP: 0/0
 36374 | Snake:4  | Noticed Vashnia
 36438 | Snake:4  | Killed Vashnia
 36858 | Snake:4  | Received a gift from Trog
 36922 | Snake:4  | Got a serpentine rune of Zot
 37102 | Shoals:1 | Entered Level 1 of the Shoals
 37230 | Shoals:1 | Reached skill level 20 in Axes
 38191 | Shoals:1 | Found Opu Okic's General Store.
 38671 | Shoals:2 | Received a gift from Trog
 38821 | Shoals:2 | Found Cotuod's CLEARANCE SALE!.
 39430 | Shoals:3 | Found a frozen archway.
 39497 | Shoals:3 | Reached XP level 19. HP: 143/143 MP: 0/0
 39497 | Shoals:3 | Learned a level 6 spell: Death Channel
 39504 | Shoals:3 | Reached skill level 21 in Axes
 39510 | Shoals:3 | Acquired 809 gold pieces
 39517 | IceCv    | Entered an ice cave
 39865 | IceCv    | Received a gift from Trog
 40005 | IceCv    | Noticed a shard shrike
 40040 | IceCv    | HP: 9/214 [shard shrike (39)]
 40046 | IceCv    | Killed from afar by a shard shrike

Illustrated notes

Levels and vault maps discovered:
D:1:      evilmike_arrival_rings, layout_loops_corners, bh_walls_and_bars
D:2:      layout_basic, basic_altar, corexii_leaking_fountain
D:3:      layout_basic, eat_drink_and_be_merry_uskayaw, basic_ecumenical_altar,
          chequers_serial_rivers_micro_a, nicolae_hexahallways
D:4:      layout_basic, nicolae_dithmenos_through_a_glass_darkly, zin_angel,
          kennysheep_cross_bottleneck, hangedman_decor_points
D:5:      layout_rooms, uniq_ijyb
D:6:      layout_rooms, uniq_duvessa
D:7:      layout_loops_ring, gammafunk_temple_overflow_forgotten,
          minmay_temple_entry_mist, serial_shops, shop
D:8:      layout_basic, minmay_misc_feat_alley, uniq_maurice
D:9:      layout_irregular_city, serial_bayou, serial_bayou_ford_a,
          serial_bayou_lake_a, serial_bayou_pond_a, serial_bayou_lagoon_a,
          serial_bayou_pond_a, serial_bayou_pond_c, minmay_between, uniq_amaemon
D:10:     layout_loops_corners, david_orc_4, enter_bailey_5, uniq_grum
D:11:     layout_basic, dpeg_lair_monsters, serial_shops, shop,
          nicolae_alphabet_shops, roderic_serpentine_path
D:12:     layout_basic, uniq_erolcha
D:13:     layout_long_grid, ebering_ghost_rock_garden, serial_shops,
          nicolae_shop_bloodbath_and_beyond, shop_statue, shop,
          nicolae_diamond_shop, shop
D:14:     layout_basic, grunt_vaults_entry_tiered, hangedman_ru_absence,
          hangedman_decor_slide_cut, kennysheep_okawaru_gauntlet
D:15:     grunt_enter_depths_magical_seal, layout_loops_cross,
          ebering_dispersal_statue_hall, serial_bayou, serial_bayou_crossing,
          serial_bayou_pond_b, serial_bayou_pond_d, serial_bayou_pond_e
Lair:1:   layout_loops_ring, gauntlet_entry_generic, grunt_megastairs_3
Lair:2:   layout_cave_pods, minmay_snake_entry_guardpost_small,
          beast_lair_carwin_7
Lair:3:   layout_loops_ring, nicolae_shoals_entry_roost,
          cheibrodos_lair_lostbears, uniq_gastronok
Lair:4:   layout_regular_city, gammafunk_ghost_icy, enter_volcano_3,
          grunt_megastairs_5
Lair:5:   gammafunk_lair_ancient_temple, layout_cave_pods, slime_entry_1,
          infiniplex_staircase_pool
Shoals:1: layout_shoals, serial_shops, nicolae_shop_statue_plus
Shoals:2: layout_shoals, nicolae_shop_clearance
Shoals:3: layout_shoals, portal_ice_cave_entry_pillars_2
Snake:1:  layout_honeycomb, basic_altar, uniq_josephine, uniq_rupert,
          uniq_nikola
Snake:2:  layout_basic, gammafunk_ghost_abyssal_escape, serial_bayou_shore_b
Snake:3:  layout_misc_corridors, serial_shops, nicolae_shop_hallway_plus,
          nicolae_shop_behind_doors, shop, nicolae_shop_tiny_real_fake_doors,
          nicolae_diamond_shop
Snake:4:  grunt_snake_rune_serpentine_throne, layout_rooms, special_room,
          serial_bayou_shore_a
Orc:1:    dreamdust_dug_too_deep, layout_caves, serial_shops, shop, shop,
          basic_altar, nicolae_orc_tapped_out
Orc:2:    grunt_orc_gardens, layout_caves, grunt_orc_garden, grunt_orc_garden,
          grunt_orc_garden, grunt_orc_garden, nicolae_orc_rockfall,
          uniq_saint_roka
IceCv:    ice_cave_caverns_02

Skill      XL: |  1  2  3  4  5  6  7  8  9 10 11 12 13 14 15 16 17 18 19 |
---------------+----------------------------------------------------------+-----
Axes           | 3 4 5 6 7 8 9 11 13 14 15 16 17 19 20 21 | 21.4
Evocations     | 2 5 |  5.0
Fighting       | 4 7 8 9 11 12 13 14 15 | 15.0
Armour         | 3 8 10 12 13 14 15 | 15.0
Dodging        | |  2.1

Action                     |  1- 3 |  4- 6 |  7- 9 | 10-12 | 13-15 | 16-18 | 19-21 || total
---------------------------+-------+-------+-------+-------+-------+-------+-------++-------
  Melee: Hand axe          |    91 |   116 |       |       |       |       |       ||   207
         Punch             |     1 |     4 |     1 |       |     2 |       |       ||     8
         War axe           |       |    70 |   144 |       |       |       |       ||   214
         Battleaxe         |       |       |   135 |   421 |   192 |       |       ||   748
         Executioner's axe |       |       |       |       |   889 |  1194 |   182 ||  2265
         Broad axe         |       |       |       |       |    18 |     9 |       ||    27
 Invoke: Berserk           |     1 |       |     9 |    11 |    10 |     5 |     1 ||    37
         Trog's Hand       |       |       |       |       |     1 |     4 |       ||     5
         Brothers in Arms  |       |       |       |       |     1 |       |       ||     1
  Evoke: Wand              |       |       |       |     6 |     1 |       |       ||     7
    Use: Scroll            |       |       |       |    19 |    10 |     9 |     1 ||    39
         Potion            |       |       |       |       |     2 |     1 |       ||     3
   Stab: Sleeping          |     1 |       |       |       |       |       |       ||     1
         Paralysed         |       |       |       |     2 |       |       |       ||     2
         Distracted        |       |       |       |       |     1 |       |       ||     1
         Petrifying        |       |       |       |       |     1 |       |       ||     1
         Petrified         |       |       |       |       |     1 |       |       ||     1
 Armour: Animal skin       |    11 |    41 |       |       |       |       |       ||    52
         Scale mail        |       |    20 |    79 |       |       |       |       ||    99
         Chain mail        |       |       |    37 |    34 |       |       |       ||    71
         Plate armour      |       |       |       |   105 |       |       |       ||   105
         Crystal plate arm |       |       |       |   130 |   847 |   703 |    85 ||  1765
  Dodge: Dodged            |    64 |   120 |   118 |    98 |   601 |   572 |    64 ||  1637
